ABL
SOUTH MELBOURNE SWANS @ ST. KILDA SAINTS
08/30/2022
 
TOP OF THE 1ST
South Melbourne Swans batting - Pitching for St. Kilda Saints : RHP Terrence Capes
Pitching: RHP Terrence Capes
Batting: LHB Braeden Scarth 0-0: Fly out, F8 (Flyball, 8RM, EV 92.5 MPH)
Batting: RHB Juan Huezo 0-0: Called Strike
0-1: Called Strike
0-2: Strikes out looking
Batting: RHB Rhett Johnston 0-0: Ball
1-0: Called Strike
1-1: Foul Ball, location: 3F
1-2: Fly out, F4 (Line Drive, 4, EV 63.1 MPH)
Top of the 1st over - 0 runs, 0 hits, 0 errors, 0 left on base; South Melbourne 0 - St. Kilda 0
BOTTOM OF THE 1ST
St. Kilda Saints batting - Pitching for South Melbourne Swans : RHP Kadin Balby
Pitching: RHP Kadin Balby
Batting: RHB Graeme Coverdale 0-0: Ball
1-0: Ball
2-0: Foul Ball, location: 7LSF
2-1: Called Strike
2-2: Strikes out swinging
Batting: RHB Kevin Geake 0-0: Foul Ball, location: 9LDF
0-1: Ground out 6-3 (Groundball, 6, EV 91.9 MPH)
Batting: RHB Billy Rigden 0-0: Foul Ball, location: 9LSF
0-1: Ball
1-1: Ball
2-1: Foul Ball, location: 25F
2-2: Ball
3-2: Ground out 6-3 (Groundball, 56, EV 104.4 MPH)
Bottom of the 1st over - 0 runs, 0 hits, 0 errors, 0 left on base; South Melbourne 0 - St. Kilda 0
TOP OF THE 2ND
South Melbourne Swans batting - Pitching for St. Kilda Saints : RHP Terrence Capes
Batting: LHB Calvin Ingleby 0-0: Fly out, F8 (Flyball, 8RXD, EV 104.4 MPH)
Batting: RHB Kole Palethorpe 0-0: Ball
1-0: Fly out, F8 (Flyball, 89M, EV 80.6 MPH)
Batting: RHB Hector Gomez 0-0: Ball
1-0: Ball
2-0: SINGLE (Groundball, 6S, EV 72.5 MPH) (infield hit)
Batting: RHB Jarrod Rudder Balk!
Hector Gomez to second
0-0: Ball
1-0: Ball
2-0: Called Strike
2-1: Ground out 2-3 (Groundball, 15S, EV 74.4 MPH)
Top of the 2nd over - 0 runs, 1 hit, 0 errors, 1 left on base; South Melbourne 0 - St. Kilda 0
BOTTOM OF THE 2ND
St. Kilda Saints batting - Pitching for South Melbourne Swans : RHP Kadin Balby
Batting: LHB Joe Coate 0-0: Ball
1-0: Ball
2-0: Ball
3-0: Called Strike
3-1: SINGLE (Line Drive, 9S, EV 86.9 MPH)
Batting: SHB Rickie Rowles 0-0: Foul Ball, location: 2F
0-1: Called Strike
0-2: Ball
1-2: Ball
2-2: Ball
3-2: Fielders Choice at 2nd, 4-6 (Groundball, 34, EV 85.0 MPH)
Batting: RHB Jonathan Langlands 0-0: Ball
1-0: Fly out, F7 (Flyball, 78M, EV 80.0 MPH)
Batting: RHB Ron Corney 0-0: Ground out 5-3 (Groundball, 5S, EV 90.6 MPH)
Bottom of the 2nd over - 0 runs, 1 hit, 0 errors, 1 left on base; South Melbourne 0 - St. Kilda 0
TOP OF THE 3RD
South Melbourne Swans batting - Pitching for St. Kilda Saints : RHP Terrence Capes
Batting: RHB Michael Hancock 0-0: Fly out, F9 (Flyball, 89M, EV 94.4 MPH)
Batting: SHB Kadin Balby 0-0: Foul Ball, location: 7LSF
0-1: Ball
1-1: Fly out, F8 (Flyball, 8RD, EV 103.8 MPH)
Batting: LHB Braeden Scarth 0-0: Ball
1-0: Ball
2-0: Foul Ball, location: 3DF
2-1: Called Strike
2-2: Ground out 6-3 (Groundball, 4M, EV 85.0 MPH)
Top of the 3rd over - 0 runs, 0 hits, 0 errors, 0 left on base; South Melbourne 0 - St. Kilda 0
BOTTOM OF THE 3RD
St. Kilda Saints batting - Pitching for South Melbourne Swans : RHP Kadin Balby
Batting: LHB Chris Beavis 0-0: Foul Ball, location: 2F
0-1: Foul Ball, location: 7LSF
0-2: Ball
1-2: Foul Ball, location: 7LMFF
1-2: Foul Ball, location: 3FF
1-2: Ball
2-2: Fly out, F7 (Flyball, 78M, EV 90.6 MPH)
Batting: RHB Terrence Capes 0-0: Ball
1-0: Fly out, F6 (Line Drive, 6, EV 68.1 MPH)
Batting: RHB Graeme Coverdale 0-0: Fly out, F9 (Flyball, 89M, EV 85.0 MPH)
Bottom of the 3rd over - 0 runs, 0 hits, 0 errors, 0 left on base; South Melbourne 0 - St. Kilda 0
TOP OF THE 4TH
South Melbourne Swans batting - Pitching for St. Kilda Saints : RHP Terrence Capes
Batting: RHB Juan Huezo 0-0: Called Strike
0-1: Foul Ball, location: 9LDF
0-2: Foul Ball, location: 2F
0-2: Strikes out swinging
Batting: RHB Rhett Johnston 0-0: Ball
1-0: SINGLE (Groundball, 6MD, EV 103.1 MPH)
Batting: LHB Calvin Ingleby 0-0: Ball
1-0: Foul Ball, location: 3FF
1-1: Grounds into double play, 4-6-3 (Groundball, 4D, EV 98.8 MPH)
Top of the 4th over - 0 runs, 1 hit, 0 errors, 0 left on base; South Melbourne 0 - St. Kilda 0
BOTTOM OF THE 4TH
St. Kilda Saints batting - Pitching for South Melbourne Swans : RHP Kadin Balby
Batting: RHB Kevin Geake 0-0: Ball
1-0: Ball
2-0: Ball
3-0: Called Strike
3-1: Fly out, F6 (Line Drive, 6, EV 67.5 MPH)
Batting: RHB Billy Rigden 0-0: Called Strike
0-1: Ball
1-1: Fly out, F8 (Flyball, 8RD, EV 100.6 MPH)
Batting: LHB Joe Coate 0-0: Called Strike
0-1: Swinging Strike
0-2: Ball
1-2: Foul Ball, location: 2F
1-2: SINGLE (Line Drive, 34, EV 100.6 MPH)
Batting: SHB Rickie Rowles 0-0: Called Strike
0-1: SINGLE (Line Drive, 9S, EV 101.3 MPH)
Joe Coate to second
Runner from 2nd tries for 3rd, SAFE, no throw by RF
Batting: RHB Jonathan Langlands 0-0: Ball
1-0: Ball
2-0: Fly out, F9 (Flyball, 89S, EV 98.8 MPH)
Bottom of the 4th over - 0 runs, 2 hits, 0 errors, 2 left on base; South Melbourne 0 - St. Kilda 0
TOP OF THE 5TH
South Melbourne Swans batting - Pitching for St. Kilda Saints : RHP Terrence Capes
Batting: RHB Kole Palethorpe 0-0: Ball
1-0: Ball
2-0: SINGLE (Line Drive, 4MD, EV 93.8 MPH)
Batting: RHB Hector Gomez 0-0: Ball
1-0: Fly out, F9 (Flyball, 9S, EV 83.1 MPH)
Batting: RHB Jarrod Rudder 0-0: Fly out, F7 (Flyball, 7LM, EV 86.9 MPH)
Batting: RHB Michael Hancock 0-0: Ball
1-0: Called Strike
Kole Palethorpe steals 2nd base
1-1: Foul Ball, location: 2F
1-2: Ball
2-2: Ball
3-2: Strikes out swinging
Top of the 5th over - 0 runs, 1 hit, 0 errors, 1 left on base; South Melbourne 0 - St. Kilda 0
BOTTOM OF THE 5TH
St. Kilda Saints batting - Pitching for South Melbourne Swans : RHP Kadin Balby
Batting: RHB Ron Corney 0-0: Foul Ball, location: 9LSF
0-1: Called Strike
0-2: Ball
1-2: Ball
2-2: Ball
3-2: Foul Ball, location: 2F
3-2: SINGLE (Line Drive, 6MD, EV 103.1 MPH)
Batting: LHB Chris Beavis 0-0: Reached on error, E5 (Groundball, 5L, EV 108.1 MPH)
Ron Corney to second
Batting: RHB Terrence Capes 0-0: Sac Bunt to 13 - play at first, batter OUT! 1-4
Ron Corney to third
Chris Beavis to second
Batting: RHB Graeme Coverdale 0-0: Called Strike
0-1: Ball
1-1: Fielders Choice at home, 5-2 (Groundball, 56, EV 80.6 MPH)
Chris Beavis to third
Batting: RHB Kevin Geake 0-0: Foul Ball, location: 3F
0-1: Ball
1-1: TRIPLE (Flyball, 78XD, EV 108.1 MPH)
Chris Beavis scores
Graeme Coverdale scores
Batting: RHB Billy Rigden 0-0: Foul Ball, location: 23F
0-1: SINGLE (Line Drive, 6D, EV 95.0 MPH)
Kevin Geake scores
Batting: LHB Joe Coate 0-0: Ball
1-0: Ball
2-0: Called Strike
2-1: Ball
3-1: Foul Ball, location: 7LMF
3-2: Base on Balls
Billy Rigden to second
Batting: SHB Rickie Rowles 0-0: Called Strike
0-1: Called Strike
0-2: Ball
1-2: Strikes out swinging
Bottom of the 5th over - 3 runs, 3 hits, 1 error, 2 left on base; South Melbourne 0 - St. Kilda 3
TOP OF THE 6TH
South Melbourne Swans batting - Pitching for St. Kilda Saints : RHP Terrence Capes
Pinch Hitting: RHB Mark Goudie 0-0: SINGLE (Line Drive, 56, EV 100.6 MPH)
Batting: LHB Braeden Scarth 0-0: Ball
1-0: Foul Ball, location: 7LDF
1-1: Ball
2-1: Ball
3-1: Swinging Strike
3-2: Base on Balls
Mark Goudie to second
Batting: RHB Juan Huezo 0-0: Foul Ball, location: 9LMF
0-1: Swinging Strike
0-2: Ball
1-2: Strikes out swinging
Batting: RHB Rhett Johnston 0-0: Called Strike
0-1: Called Strike
0-2: Ball
1-2: Foul Ball, location: 2F
1-2: Ball
2-2: SINGLE (Line Drive, 9LS, EV 108.8 MPH)
Mark Goudie to third
Braeden Scarth to second
Runner from 3rd tries for Home, throw by RF and OUT! 9-2
Braeden Scarth to third
Rhett Johnston to second
Batting: LHB Calvin Ingleby 0-0: Ball
1-0: Swinging Strike
1-1: Foul Ball, location: 3F
1-2: Ball
2-2: Ball
3-2: Strikes out swinging
Top of the 6th over - 0 runs, 2 hits, 0 errors, 2 left on base; South Melbourne 0 - St. Kilda 3
BOTTOM OF THE 6TH
St. Kilda Saints batting - Pitching for South Melbourne Swans : RHP Kadin Balby
Pitching: LHP Jory White
Batting: RHB Jonathan Langlands 0-0: Foul Ball, location: 9LDF
0-1: Called Strike
0-2: Foul Ball, location: 3FF
0-2: Ball
1-2: Ball
2-2: Strikes out swinging
Batting: RHB Ron Corney 0-0: Ball
1-0: Ball
2-0: Fly out, F9 (Flyball, 9, EV 98.8 MPH)
Batting: LHB Chris Beavis 0-0: Ball
1-0: Called Strike
1-1: Fly out, F8 (Flyball, 8RM, EV 99.4 MPH)
Bottom of the 6th over - 0 runs, 0 hits, 0 errors, 0 left on base; South Melbourne 0 - St. Kilda 3
TOP OF THE 7TH
South Melbourne Swans batting - Pitching for St. Kilda Saints : RHP Terrence Capes
Batting: RHB Kole Palethorpe 0-0: Ball
1-0: Ball
2-0: Swinging Strike
2-1: Foul Ball, location: 2F
2-2: Foul Ball, location: 2F
2-2: Foul Ball, location: 23F
2-2: Foul Ball, location: 2F
2-2: Foul Ball, location: 2F
2-2: DOUBLE (Line Drive, 78D, EV 108.8 MPH)
Batting: RHB Hector Gomez 0-0: Ball
1-0: Called Strike
1-1: Foul Ball, location: 3F
1-2: Ball
2-2: Fly out, F9 (Flyball, 9, EV 87.5 MPH)
Batting: RHB Jarrod Rudder 0-0: Foul Ball, location: 2F
0-1: Ball
1-1: Ball
2-1: Foul Ball, location: 9LSF
2-2: Ball
3-2: Base on Balls
Batting: RHB Michael Hancock 0-0: Ball
1-0: Fly out, F7 (Flyball, 7, EV 91.9 MPH)
Pinch Hitting: LHB C.B. Hadingham 0-0: 3-RUN HOME RUN (Flyball, 78XD, EV 100.0 MPH), Distance : 400 ft
Batting: LHB Braeden Scarth 0-0: Ball
1-0: Ball
2-0: Ball
3-0: Called Strike
3-1: Base on Balls
Batting: RHB Juan Huezo 0-0: Fly out, F9 (Line Drive, 89S, EV 88.1 MPH)
Top of the 7th over - 3 runs, 2 hits, 0 errors, 1 left on base; South Melbourne 3 - St. Kilda 3
BOTTOM OF THE 7TH
St. Kilda Saints batting - Pitching for South Melbourne Swans : LHP Jory White
Pitching: RHP Matt Garnham
Pinch Hitting: RHB Sam Jevons 0-0: Swinging Strike
0-1: Foul Ball, location: 2F
0-2: Ball
1-2: Ball
2-2: Strikes out swinging
Batting: RHB Graeme Coverdale 0-0: Called Strike
0-1: Ball
1-1: Foul Ball, location: 2F
1-2: DOUBLE (Flyball, 8LXD, EV 95.0 MPH)
Batting: RHB Kevin Geake 0-0: Called Strike
0-1: Swinging Strike
0-2: Hit by Pitch
Batting: RHB Billy Rigden 0-0: Ball
1-0: Ball
2-0: Ball
3-0: Base on Balls
Graeme Coverdale to third
Kevin Geake to second
Batting: LHB Joe Coate 0-0: Foul Ball, location: 3F
0-1: Grounds into fielders choice 3-2 (Groundball, 3, EV 87.5 MPH)
Kevin Geake to third
Billy Rigden to second
Batting: SHB Rickie Rowles 0-0: Called Strike
0-1: Ball
1-1: Called Strike
1-2: Foul Ball, location: 2F
1-2: DOUBLE (Line Drive, 78XD, EV 105.0 MPH)
Kevin Geake scores
Billy Rigden scores
Joe Coate to third
Batting: RHB Jonathan Langlands 0-0: Called Strike
0-1: SINGLE (Groundball, 34D, EV 96.3 MPH)
Joe Coate scores
Rickie Rowles to third
Runner from 3rd tries for Home, SAFE, throw by RF to home
Pitching: RHP Colm Curson
Batting: RHB Ron Corney 0-0: Called Strike
0-1: Ball
1-1: Fly out, F9 (Flyball, 89S, EV 88.8 MPH)
Bottom of the 7th over - 4 runs, 3 hits, 0 errors, 1 left on base; South Melbourne 3 - St. Kilda 7
TOP OF THE 8TH
South Melbourne Swans batting - Pitching for St. Kilda Saints : RHP Terrence Capes
Pitching: RHP Kylan Suddaby
Batting: RHB Rhett Johnston 0-0: Called Strike
0-1: Called Strike
0-2: Ball
1-2: Foul Ball, location: 2F
1-2: Strikes out looking
Batting: LHB Calvin Ingleby 0-0: Ball
1-0: Called Strike
1-1: Ball
2-1: Called Strike
2-2: Ball
3-2: Strikes out swinging
Batting: RHB Kole Palethorpe 0-0: Ball
1-0: Called Strike
1-1: Ball
2-1: TRIPLE (Flyball, 89XD, EV 96.9 MPH)
Batting: RHB Hector Gomez 0-0: Called Strike
0-1: Swinging Strike
0-2: Foul Ball, location: 7LDF
0-2: Ground out 6-3 (Groundball, 6, EV 100.6 MPH)
Top of the 8th over - 0 runs, 1 hit, 0 errors, 1 left on base; South Melbourne 3 - St. Kilda 7
BOTTOM OF THE 8TH
St. Kilda Saints batting - Pitching for South Melbourne Swans : RHP Colm Curson
Batting: LHB Chris Beavis 0-0: Ground out 5-3 (Groundball, 56, EV 81.3 MPH)
Pinch Hitting: LHB Sonny Crosby 0-0: Called Strike
0-1: Ball
1-1: Swinging Strike
1-2: SOLO HOME RUN (Flyball, 9LD, EV 98.1 MPH), Distance : 336 ft
Batting: RHB Graeme Coverdale 0-0: Ball
1-0: SINGLE (Groundball, 5D, EV 97.5 MPH)
Batting: RHB Kevin Geake 0-0: Called Strike
0-1: Grounds into double play, 1-4-3 (Groundball, 15, EV 60.6 MPH)
Bottom of the 8th over - 1 run, 2 hits, 0 errors, 0 left on base; South Melbourne 3 - St. Kilda 8
TOP OF THE 9TH
South Melbourne Swans batting - Pitching for St. Kilda Saints : RHP Kylan Suddaby
Pitching: RHP Benji Foran
Batting: RHB Jarrod Rudder 0-0: Called Strike
0-1: Called Strike
0-2: Strikes out swinging
Batting: RHB Michael Hancock 0-0: Called Strike
0-1: Foul Ball, location: 2F
0-2: Strikes out swinging
Pinch Hitting: RHB Logan Maxwell 0-0: Called Strike
0-1: Called Strike
0-2: Strikes out swinging
Top of the 9th over - 0 runs, 0 hits, 0 errors, 0 left on base; South Melbourne 3 - St. Kilda 8
Sunday, May 5th , 2024 - OOTP Baseball 24.9 Build 80